BSA
CHICAGO MACHINE @ NASHVILLE G-STRINGS
09/04/2029
 
TOP OF THE 1ST
Chicago Machine batting - Pitching for Nashville G-Strings : RHP Clint John
Pitching: RHP Clint John
Batting: RHB Nick Harris 0-0: Ball
1-0: Ball
2-0: Swinging Strike
2-1: Ball
3-1: Foul Ball, location: 2F
3-2: Foul Ball, location: 2F
3-2: Ground out 6-3 (Groundball, 6)
Batting: SHB Clint Woods 0-0: Ball
1-0: Ball
2-0: Called Strike
2-1: Foul Ball, location: 2F
2-2: Ball
3-2: Foul Ball, location: 2F
3-2: Foul Ball, location: 2F
3-2: Foul Ball, location: 2F
3-2: Base on Balls
Batting: LHB Ken Nelson 0-0: Foul Ball, location: 2F
0-1: Foul Ball, location: 2F
0-2: Ball
1-2: Ball
2-2: Foul Ball, location: 2F
2-2: Ball
3-2: Foul Ball, location: 2F
3-2: Foul Ball, location: 2F
3-2: Strikes out looking
Batting: LHB Bernardo Montés 0-0: Ball
1-0: Ground out 4-3 (Groundball, 4)
Top of the 1st over - 0 runs, 0 hits, 0 errors, 1 left on base; Chicago 0 - Nashville 0
BOTTOM OF THE 1ST
Nashville G-Strings batting - Pitching for Chicago Machine : RHP Rod Day
Pitching: RHP Rod Day
Batting: SHB Jorge Flores 0-0: Foul Ball, location: 2F
0-1: Ball
1-1: Called Strike
1-2: Fly out, F8 (Flyball, 8LS)
Batting: LHB Miguel Rivería 0-0: Ground out U3 (Groundball, 3)
Batting: RHB Sergio Márquez 0-0: Ball
1-0: Ball
2-0: Foul Ball, location: 2F
2-1: SINGLE (Flyball, 78S)
Batting: RHB Eric Thompson 0-0: Ball
1-0: Ball
2-0: Fly out, F6 (Line Drive, 6)
Bottom of the 1st over - 0 runs, 1 hit, 0 errors, 1 left on base; Chicago 0 - Nashville 0
TOP OF THE 2ND
Chicago Machine batting - Pitching for Nashville G-Strings : RHP Clint John
Batting: RHB Gonzalo Gil 0-0: Fly out, F7 (Flyball, 7LDF)
Batting: RHB Roberto Tobías 0-0: Ball
1-0: Foul Ball, location: 2F
1-1: Foul Ball, location: 2F
1-2: Foul Ball, location: 2F
1-2: Ball
2-2: Foul Ball, location: 2F
2-2: Ground out 3-1 (Groundball, 34S)
Batting: LHB Héctor Soto 0-0: Swinging Strike
0-1: Ball
1-1: Swinging Strike
1-2: Fly out, F5 (Line Drive, 56)
Top of the 2nd over - 0 runs, 0 hits, 0 errors, 0 left on base; Chicago 0 - Nashville 0
BOTTOM OF THE 2ND
Nashville G-Strings batting - Pitching for Chicago Machine : RHP Rod Day
Batting: RHB Jesús Cabrera 0-0: Ball
1-0: Swinging Strike
1-1: Ground out 6-3 (Groundball, 6M)
Batting: LHB George Smith 0-0: Ball
1-0: Foul Ball, location: 2F
1-1: Called Strike
1-2: Strikes out swinging
Batting: RHB Vicente Aguirre 0-0: Called Strike
0-1: Foul Ball, location: 2F
0-2: Strikes out swinging
Bottom of the 2nd over - 0 runs, 0 hits, 0 errors, 0 left on base; Chicago 0 - Nashville 0
TOP OF THE 3RD
Chicago Machine batting - Pitching for Nashville G-Strings : RHP Clint John
Batting: RHB Pablo Sandoval 0-0: Ball
1-0: Foul Ball, location: 2F
1-1: Ground out 4-3 (Groundball, 4)
Batting: SHB Edward Bartlett 0-0: Swinging Strike
0-1: Ball
1-1: Ball
2-1: Ball
3-1: Called Strike
3-2: SINGLE (Line Drive, 4D)
Batting: RHB Nick Harris 0-0: Ball
1-0: Called Strike
1-1: Called Strike
1-2: Foul Ball, location: 2F
1-2: Fielders Choice at 2nd, 5-4 (Groundball, 56)
Batting: SHB Clint Woods 0-0: Ball
Nick Harris steals 2nd base
1-0: Ball
2-0: 2-RUN HOME RUN (Flyball, 9LD), Distance : 369 ft
Batting: LHB Ken Nelson 0-0: Called Strike
0-1: Ball
1-1: Ball
2-1: Called Strike
2-2: SINGLE (Groundball, 5D)
Batting: LHB Bernardo Montés 0-0: Ball
Ken Nelson steals 2nd base
1-0: Ground out 5-3 (Groundball, 56)
Top of the 3rd over - 2 runs, 3 hits, 0 errors, 1 left on base; Chicago 2 - Nashville 0
BOTTOM OF THE 3RD
Nashville G-Strings batting - Pitching for Chicago Machine : RHP Rod Day
Batting: RHB Greg King 0-0: Called Strike
0-1: Ball
1-1: Fly out, F9 (Flyball, 89M)
Batting: LHB Jesús Núñez 0-0: Ground out 4-3 (Groundball, 34)
Batting: SHB Jorge Flores 0-0: Called Strike
0-1: Ball
1-1: Swinging Strike
1-2: SINGLE (Line Drive, 9S)
Batting: LHB Miguel Rivería 0-0: Foul Ball, location: 2F
0-1: Foul Ball, location: 2F
0-2: Foul Ball, location: 2F
0-2: Ball
1-2: Ball
2-2: Ball
3-2: Base on Balls
Jorge Flores to second
Batting: RHB Sergio Márquez 0-0: Ball
1-0: Ground out 5-3 (Groundball, 56S)
Bottom of the 3rd over - 0 runs, 1 hit, 0 errors, 2 left on base; Chicago 2 - Nashville 0
TOP OF THE 4TH
Chicago Machine batting - Pitching for Nashville G-Strings : RHP Clint John
Batting: RHB Gonzalo Gil 0-0: Ball
1-0: SOLO HOME RUN (Flyball, 78XD), Distance : 402 ft
Batting: RHB Roberto Tobías 0-0: Called Strike
0-1: Foul Ball, location: 2F
0-2: Foul Ball, location: 2F
0-2: Ball
1-2: Ball
2-2: Strikes out looking
Batting: LHB Héctor Soto 0-0: Fly out, F9 (Flyball, 9D)
Batting: RHB Pablo Sandoval 0-0: Ball
1-0: Called Strike
1-1: Swinging Strike
1-2: Foul Ball, location: 2F
1-2: Ball
2-2: Foul Ball, location: 2F
2-2: Ball
3-2: Fly out, F9 (Flyball, 9S)
Top of the 4th over - 1 run, 1 hit, 0 errors, 0 left on base; Chicago 3 - Nashville 0
BOTTOM OF THE 4TH
Nashville G-Strings batting - Pitching for Chicago Machine : RHP Rod Day
Batting: RHB Eric Thompson 0-0: Foul Ball, location: 2F
0-1: Ground out 6-3 (Groundball, 6)
Batting: RHB Jesús Cabrera 0-0: Ball
1-0: Called Strike
1-1: Fly out, F7 (Flyball, 7S)
Batting: LHB George Smith 0-0: SINGLE (Line Drive, 9LS)
Batting: RHB Vicente Aguirre 0-0: Ball
1-0: Fly out, F8 (Line Drive, 8LM)
Bottom of the 4th over - 0 runs, 1 hit, 0 errors, 1 left on base; Chicago 3 - Nashville 0
TOP OF THE 5TH
Chicago Machine batting - Pitching for Nashville G-Strings : RHP Clint John
Batting: SHB Edward Bartlett 0-0: DOUBLE (Groundball, 3L)
Batting: RHB Nick Harris 0-0: Called Strike
0-1: Ball
1-1: Foul Ball, location: 2F
1-2: Foul Ball, location: 2F
1-2: Ground out 6-3 (Groundball, 6M)
Edward Bartlett to third
Batting: SHB Clint Woods 0-0: Foul Ball, location: 2F
0-1: Ground out 4-3 (Groundball, 4S)
Edward Bartlett scores
Batting: LHB Ken Nelson 0-0: Foul Ball, location: 2F
0-1: Ball
1-1: Called Strike
1-2: Ball
2-2: Ground out 5-3 (Groundball, 56)
Top of the 5th over - 1 run, 1 hit, 0 errors, 0 left on base; Chicago 4 - Nashville 0
BOTTOM OF THE 5TH
Nashville G-Strings batting - Pitching for Chicago Machine : RHP Rod Day
Batting: RHB Greg King 0-0: Called Strike
0-1: Ground out 4-3 (Groundball, 4)
Batting: LHB Jesús Núñez 0-0: Ball
1-0: Foul Ball, location: 2F
1-1: Hit by Pitch
Batting: SHB Jorge Flores 0-0: Ball
1-0: Called Strike
1-1: Foul Ball, location: 2F
1-2: Ball
2-2: Strikes out swinging
Batting: LHB Miguel Rivería 0-0: Ball
1-0: Called Strike
1-1: Foul Ball, location: 2F
1-2: Ball
2-2: Ball
Jesús Núñez steals 2nd base
3-2: Fly out, F8 (Line Drive, 8LM)
Bottom of the 5th over - 0 runs, 0 hits, 0 errors, 1 left on base; Chicago 4 - Nashville 0
TOP OF THE 6TH
Chicago Machine batting - Pitching for Nashville G-Strings : RHP Clint John
Pitching: RHP George Lockhart
Batting: LHB Bernardo Montés 0-0: Ball
1-0: Ball
2-0: Fly out, F7 (Flyball, 7S)
Batting: RHB Gonzalo Gil 0-0: Swinging Strike
0-1: Ball
1-1: Ball
2-1: Swinging Strike
2-2: Strikes out swinging
Batting: RHB Roberto Tobías 0-0: Foul Ball, location: 2F
0-1: Foul Ball, location: 2F
0-2: Strikes out swinging
Top of the 6th over - 0 runs, 0 hits, 0 errors, 0 left on base; Chicago 4 - Nashville 0
BOTTOM OF THE 6TH
Nashville G-Strings batting - Pitching for Chicago Machine : RHP Rod Day
Batting: RHB Sergio Márquez 0-0: DOUBLE (Line Drive, 9LM)
Batting: RHB Eric Thompson 0-0: Foul Ball, location: 2F
0-1: Called Strike
0-2: Strikes out swinging
Batting: RHB Jesús Cabrera 0-0: Foul Ball, location: 2F
0-1: Ball
1-1: Ball
2-1: Foul Ball, location: 2F
2-2: Strikes out swinging
Batting: LHB George Smith 0-0: DOUBLE (Line Drive, 9D)
Sergio Márquez scores
Batting: RHB Vicente Aguirre 0-0: Called Strike
0-1: Fly out, F8 (Flyball, 8RXD)
Bottom of the 6th over - 1 run, 2 hits, 0 errors, 1 left on base; Chicago 4 - Nashville 1
TOP OF THE 7TH
Chicago Machine batting - Pitching for Nashville G-Strings : RHP George Lockhart
Batting: LHB Héctor Soto 0-0: Called Strike
0-1: Ball
1-1: DOUBLE (Line Drive, 89M)
Batting: RHB Pablo Sandoval 0-0: Ball
1-0: Fly out, F5 (Line Drive, 5)
Batting: SHB Edward Bartlett 0-0: Swinging Strike
0-1: Fly out, F7 (Line Drive, 78D)
Batting: RHB Nick Harris 0-0: Swinging Strike
0-1: Foul Ball, location: 2F
0-2: Ball
1-2: Foul Ball, location: 2F
1-2: Ball
2-2: Strikes out swinging
Top of the 7th over - 0 runs, 1 hit, 0 errors, 1 left on base; Chicago 4 - Nashville 1
BOTTOM OF THE 7TH
Nashville G-Strings batting - Pitching for Chicago Machine : RHP Rod Day
Batting: RHB Greg King 0-0: Ball
1-0: Ground out 5-3 (Groundball, 56)
Batting: LHB Jesús Núñez 0-0: Foul Ball, location: 2F
0-1: Ball
1-1: Swinging Strike
1-2: Ground out 4-3 (Groundball, 4)
Batting: SHB Jorge Flores 0-0: Ball
1-0: Hit by Pitch
Batting: LHB Miguel Rivería 0-0: Fly out, F4 (Popup, 4)
Bottom of the 7th over - 0 runs, 0 hits, 0 errors, 1 left on base; Chicago 4 - Nashville 1
TOP OF THE 8TH
Chicago Machine batting - Pitching for Nashville G-Strings : RHP George Lockhart
Batting: SHB Clint Woods 0-0: SINGLE (Line Drive, 4M)
Batting: LHB Ken Nelson 0-0: Foul Ball, location: 2F
0-1: Ball
1-1: Foul Ball, location: 2F
1-2: Strikes out swinging
Batting: LHB Bernardo Montés 0-0: Called Strike
0-1: Grounds into double play, 6-4-3 (Groundball, 6)
Top of the 8th over - 0 runs, 1 hit, 0 errors, 0 left on base; Chicago 4 - Nashville 1
BOTTOM OF THE 8TH
Nashville G-Strings batting - Pitching for Chicago Machine : RHP Rod Day
Pitching: RHP Juan Rodríguez
Batting: RHB Sergio Márquez 0-0: Ball
1-0: Foul Ball, location: 2F
1-1: SOLO HOME RUN (Flyball, 7LD), Distance : 383 ft
Batting: RHB Eric Thompson 0-0: Swinging Strike
0-1: SINGLE (Groundball, 6MD)
Batting: RHB Jesús Cabrera 0-0: Ball
1-0: Ground out 5-3 (Groundball, 56S)
Eric Thompson to second
Batting: LHB George Smith 0-0: DOUBLE (Flyball, 8RXD)
Eric Thompson scores
Batting: RHB Vicente Aguirre 0-0: Ball
1-0: Ball
2-0: Called Strike
2-1: Ball
3-1: Called Strike
3-2: Foul Ball, location: 2F
3-2: Base on Balls
Batting: RHB Greg King 0-0: Ball
1-0: SINGLE (Groundball, 6MD)
George Smith to third
Vicente Aguirre to second
Pinch Hitting: LHB Robinson Fernández 0-0: Called Strike
0-1: Called Strike
0-2: Strikes out looking
Pitching: RHP Aaron Thrash
Batting: SHB Jorge Flores 0-0: Foul Ball, location: 2F
0-1: Ball
1-1: Ball
2-1: Swinging Strike
2-2: SINGLE (Line Drive, 9LS)
George Smith scores
Vicente Aguirre to third
Greg King to second
Batting: LHB Miguel Rivería 0-0: Ball
1-0: GRAND SLAM HOME RUN (Flyball, 9D), Distance : 394 ft
Pitching: RHP Chris Mitchell
Batting: RHB Sergio Márquez 0-0: Ball
1-0: Foul Ball, location: 2F
1-1: Foul Ball, location: 2F
1-2: Foul Ball, location: 2F
1-2: Ball
2-2: Ball
3-2: Ground out U3 (Groundball, 34)
Bottom of the 8th over - 7 runs, 6 hits, 0 errors, 0 left on base; Chicago 4 - Nashville 8
TOP OF THE 9TH
Chicago Machine batting - Pitching for Nashville G-Strings : RHP George Lockhart
Now in CF: Martín Medina
Batting: RHB Gonzalo Gil 0-0: Ground out 5-3 (Groundball, 56S)
Batting: RHB Roberto Tobías 0-0: Called Strike
0-1: Foul Ball, location: 2F
0-2: Ball
1-2: Ball
2-2: Ball
3-2: Base on Balls
Batting: LHB Héctor Soto 0-0: Called Strike
0-1: Ball
1-1: Called Strike
1-2: Fly out, F7 (Flyball, 7LS)
Batting: RHB Pablo Sandoval 0-0: Foul Ball, location: 2F
0-1: Foul Ball, location: 2F
0-2: Fielders Choice at 2nd, 6-4 (Groundball, 6)
Top of the 9th over - 0 runs, 0 hits, 0 errors, 1 left on base; Chicago 4 - Nashville 8
Saturday, December 16th, 2017 - OOTP Baseball 18.8 Build 76